 Dungeon Crawl Stone Soup version 0.29.1-12-g30fa7ad0bf (webtiles) character file.

Game seed: 11236979167988155185

200213 wingedge the Eclecticist (level 19, -8/192 HPs)
             Began as a Human Earth Elementalist on Dec 29, 2022.
             Was the Champion of Vehumet.
             Mangled by Donald
             ... wielding a +6 demon trident of electrocution
              (46 damage)
             ... on level 1 of the Spider Nest on Dec 30, 2022.
             The game lasted 02:28:53 (41920 turns).

wingedge the Eclecticist (HuEE)                    Turns: 41920, Time: 02:28:54

Health: -8/192     AC: 29    Str:  9    XL:     19   Next: 20%
Magic:  6/29       EV: 18    Int: 26    God:    Vehumet [******]
Gold:   1151       SH: 15    Dex: 22    Spells: 1/48 levels left

rFire   + . .      SeeInvis +   W - +5 demon trident (vamp)
rCold   . . .      Faith    .   u - +2 kite shield {AC+3}
rNeg    + . .      Spirit   .   (body armour currently unavailable)
rPois   ∞          Reflect  .   l - +0 mask of the Dragon {Will+ Slay+3 SInv}
rElec   +          Harm     .   N - scarf {repulsion}
rCorr   .          Rampage  .   (gloves currently unavailable)
Will    ++...                   (boots currently unavailable)
Stlth   ++........              E - amulet of regeneration
HPRegen 1.22/turn               e - ring "Xurruw" {rElec MP-9 Int+4 Dex+7 SInv}
MPRegen 0.21/turn               J - ring of Biulatt {Wiz rF+}

@: statue-form, repel missiles, very slow
A: slow and powerful, torment resistance 1, boosted hp
}: 1/15 runes: barnacled
a: End Transformation, Renounce Religion


You were on level 1 of the Spider Nest.
You worshipped Vehumet.
Vehumet was exalted by your worship.
You were a living statue of rough stone.
You visited 6 branches of the dungeon, and saw 28 of its levels.
You also visited: Volcano.

You collected 3175 gold pieces.
You spent 2024 gold pieces at shops.

Inventory:

Hand Weapons
 a - the +8 demon trident "Qipoawuude" {flame, Str+2 Stlth+}
   (You acquired it on level 11 of the Dungeon)

   It burns those it strikes, dealing additional fire damage.
   Str:       It affects your strength (+2).
   Stlth:     It makes you more stealthy.
 b - the +10 hand axe of Reinforcement {protect, Will++ SInv}
   (You found it on level 2 of the Lair of Beasts)

   It grants its wielder temporary protection when it strikes (+7 to AC).
   SInv:      It lets you see invisible.
   Will:      It greatly increases your willpower.
 h - a +0 trident of holy wrath
 W - a +5 vampiric demon trident (weapon)
Missiles
 p - 4 throwing nets
Armour
 c - the +4 skin of Zhor {*Englaciate rC+++ SInv}
   (You found it on level 3 of the Lair of Beasts)

   It radiates cold, occasionally slowing all nearby creatures who are not
   resistant to cold.
   rC:        It renders you almost immune to cold.
   SInv:      It lets you see invisible.
 l - the +0 mask of the Dragon (worn) {Will+ Slay+3 SInv}
   (You bought it in a shop on level 2 of the Orcish Mines)

   Slay:      It affects your accuracy & damage with ranged weapons and melee
   (+3).
   SInv:      It lets you see invisible.
   Will:      It increases your willpower.
 m - a +0 robe of willpower
 o - a +0 pair of gloves (melded)
 u - a +2 kite shield of protection (worn)
 F - a +1 leather armour of poison resistance (melded)
 N - a scarf of repulsion (worn)
 O - a +2 leather armour of fire resistance
 S - a +2 pair of boots of flying (melded)
Magical Staves
 k - a staff of conjuration
Jewellery
 e - the ring "Xurruw" (left fist) {rElec MP-9 Int+4 Dex+7 SInv}
   (You bought it in a shop on level 12 of the Dungeon)

   [ring of see invisible]

   Int:       It affects your intelligence (+4).
   Dex:       It affects your dexterity (+7).
   rElec:     It insulates you from electricity.
   MP:        It affects your magic capacity (-9).
   SInv:      It lets you see invisible.
 i - a ring of willpower
 z - a ring of protection from fire
 E - an amulet of regeneration (around neck)
 H - an amulet of magic regeneration
 J - the ring of Biulatt (right fist) {Wiz rF+}
   (You found it on level 7 of the Dungeon)

   [ring of wizardry]

   It improves your spell success rate.
   rF:        It protects you from fire.
 R - a ring of positive energy
Wands
 C - a wand of iceblast (12)
 G - a wand of polymorph (10)
 I - a wand of digging (8)
 V - a wand of charming (22)
 Y - a wand of mindburst (7)
 Z - a wand of acid (20)
Scrolls
 d - 12 scrolls of teleportation
 g - a scroll of silence
 r - 5 scrolls of immolation
 t - a scroll of blinking
 v - 3 scrolls of fear
 y - 4 scrolls of amnesia
 L - a scroll of butterflies
 P - 2 scrolls of torment
 Q - a scroll of magic mapping
Potions
 f - 2 potions of brilliance
 j - 7 potions of lignification
 n - 2 potions of heal wounds
 q - 3 potions of might
 s - 4 potions of cancellation
 w - 4 potions of mutation
 x - 8 potions of ambrosia
 D - 2 potions of magic
 M - a potion of haste
 T - 3 potions of curing
 X - 3 potions of berserk rage
Miscellaneous
 A - a box of beasts


   Skills:
 + Level 12.8 Fighting
 - Level 8.0 Polearms
 - Level 6.0 Armour
 + Level 9.3 Dodging
 - Level 2.0 Stealth
 + Level 9.2 Shields
 + Level 15.0 Spellcasting
 - Level 11.0 Conjurations
 - Level 4.0 Hexes
 + Level 9.0 Summonings
 - Level 4.0 Necromancy
 - Level 9.0 Transmutations
 + Level 4.3 Fire Magic
 * Level 7.6 Earth Magic


You had one spell level left.
You knew the following spells:

 Your Spells              Type           Power      Damage    Failure   Level
a - Irradiate             Conj/Tmut      32%        3d22      1%          5
b - Stone Arrow           Conj/Erth      100%       3d13      1%          3
c - Fulminant Prism       Conj/Hex       27%        3d14      1%          4
d - Passwall              Tmut/Erth      48%        N/A       1%          2
e - Iron Shot             Conj/Erth      30%        9d6       2%          6
f - Lee's Rapid Deconstr  Erth           28%        3d16*     1%          5
g - Spellforged Servitor  Conj/Summ      32%        N/A       10%         7
h - Statue Form           Tmut/Erth      38%        N/A       13%         6
i - Sublimation of Blood  Necr           40%        N/A       1%          2
o - Orb of Destruction    Conj           33%        9d10      7%          7

Your spell library contained the following spells:

 Spells                   Type           Power      Damage    Failure   Level
 Lehudib's Crystal Spear  Conj/Erth      30%        10d8      61%         8
 Magic Dart               Conj           100%       1d8       1%          1
 Sandblast                Erth           100%       2d20      1%          1
 Searing Ray              Conj           100%       2d8       1%          2
 Confusing Touch          Hex            40%        N/A       1%          3
 Summon Guardian Golem    Hex/Summ       52%        N/A       1%          3
 Animate Armour           Summ/Erth      100%       N/A       1%          4
 Petrify                  Tmut/Erth      58%        N/A       1%          4
 Blade Hands              Tmut           30%        N/A       1%          5
 Fireball                 Conj/Fire      28%        3d12      1%          5
 Yara's Violent Unravell  Hex/Tmut       26%        3d11      1%          5
 Leda's Liquefaction      Hex/Erth       24%        N/A       2%          4
 Lightning Bolt           Conj/Air       24%        1d39      2%          5
 Blink                    Tloc           38%        N/A       4%          2
 Cause Fear               Hex            20%        N/A       4%          4
 Summon Lightning Spire   Summ/Air       43%        N/A       4%          4
 Starburst                Conj/Fire      28%        6d9       4%          6
 Conjure Ball Lightning   Conj/Air       24%        3x3d7     11%         6
 Dragon Form              Tmut           30%        N/A       45%         7
 Manifold Assault         Tloc           19%        N/A       52%         5
 Storm Form               Tmut/Air       21%        N/A       96%         7
 Enfeeble                 Hex            20%        N/A       98%         7
 Ignition                 Fire           21%        3d8       99%         8
 Discord                  Hex            20%        N/A       100%        8
 Disjunction              Tloc           9%         N/A       100%        8
 Maxwell's Capacitive Co  Air            9%         ∞         100%        8
 Dragon's Call            Summ           30%        N/A       100%        9


Dungeon Overview and Level Annotations

Branches:
Dungeon (15/15)            Temple (1/1) D:7            Lair (5/5) D:8
 Shoals (4/4) Lair:2       Spider (1/4) Lair:2        Slime (0/5) Lair:4
    Orc (2/2) D:10            Elf (0/3) Orc:2        Vaults (0/5) D:14
 Depths (0/4) D:15        Volcano (visited)

Altars:
Ashenzari
Cheibriados
Dithmenos
Elyvilon
Fedhas
Gozag
Hepliaklqana
Kikubaaqudgha
Makhleb
Nemelex Xobeh
Okawaru
Qazlal
Ru
Sif Muna
Trog
Uskayaw
Vehumet
Wu Jian
Xom
Yredelemnul
Zin
The Shining One
Jiyva

Shops:
D:6 (   D:7 ?   D:9 :   D:12 **=   Orc:2 :[?(   Shoals:1 [**[   Shoals:3 (

Portals:
Trove: D:11 (give 17 potions of curing)

Annotations:
Spider:1 Donald


Message History

Something pounces on your spellforged servitor!
Your spellforged servitor is caught in a web!
Something bites your spellforged servitor but does no damage.
Donald hits you from afar with a +6 demon trident of electrocution!
Your spellforged servitor struggles to get unstuck from the web.
Donald hits you from afar with a +6 demon trident of electrocution!!
The +8 demon trident "Qipoawuude" {flame, Str+2 Stlth+} stops flaming.
You feel a sense of dread.
W - a +5 vampiric demon trident (weapon)
Your spellforged servitor launches a ball of destructive magic.
Donald reflects your orb of destruction off his +0 kite shield of reflection!
The wavering orb of destruction hits your spellforged servitor!!!
Your spellforged servitor struggles to get unstuck from the web.
You block Donald's attack.
You block the jumping spider's attack. x2
Reach: W) +5 demon trident (vamp)
Press: ? - help, Dir - move target
Okay, then.
You impale the jumping spider!!
You feel better.
The jumping spider is severely wounded.
The jumping spider leaps!
Donald says, "Do you find it easier to cast spells, now?"
Donald hits you but does no damage.
A boulder beetle comes into view.
You block Donald's attack.
Donald says, "That colour you're wearing?
I hate that."
Donald hits you with a +6 demon trident of electrocution!!!
Your spellforged servitor launches a ball of destructive magic.
Donald reflects your orb of destruction off his +0 kite shield of reflection!
The wavering orb of destruction hits your spellforged servitor!!!
Your spellforged servitor is blown up!
Your spellforged servitor disappears in a puff of smoke!
Donald says, "Dancing spiders?
With no cane or a top hat?"
Donald hits you but does no damage.
Unknown command.
Unknown command.
The jumping spider leaps!
Donald hits you with a +6 demon trident of electrocution!!
* * * LOW HITPOINT WARNING * * *
Donald hits you with a +6 demon trident of electrocution!!!
You die...

. .....#.##.#.. . .
#...s#...#..#..
.#[#.#....#... . .
...##.(##°...# .##..
#.#.##.....#.#.....
......>.#.#..#.>#..#
# #.#.#....#.B...[#
...#.##.###§..#.#.#..
#........§8@##.##...
...#.#..###.#......#
#....#.#.#..#..#.#..
..#.#..........#...
#.....#.#..##.#..#...
...#.......# .^.$.#.#
## #.#...#.# ..##.$..
#..##..#. .#. #.# ..#
..# ##s.## ..


You could see Donald (fast, strong, reflecting) and a boulder beetle.

Vanquished Creatures
  Jorgrun (D:13)
  Mlioglotl (Shoals:2)
  Louise (D:15)
  Nessos (Lair:3)
  An entropy weaver (Spider:1)
  A dire elephant (Lair:5)
  A red draconian (Volcano)
  5 merfolk impalers
  3 merfolk javelineers (Shoals:4)
  The ghost of Girueck the Thaumaturge, a journeyman DEFE of Vehumet (Orc:1)
  A fire dragon (D:14)
  6 vault guards (D:14)
  13 hydras
  A two-headed ogre (D:8)
  An ice dragon (Shoals:1)
  A merfolk avatar (Shoals:2)
  4 centaur warriors
  7 boulder beetles
  A radroach (Lair:2)
  An ogre mage (D:14)
  2 merfolk aquamancers
  4 orc high priests (Orc:2)
  3 tengu warriors (D:13)
  4 skeletal warriors
  3 sea snakes (Shoals:4)
  A sea snake (shapeshifter) (D:12)
  A wizard (D:15)
  A steelbarb worm (Lair:2)
  2 deep elf pyromancers
  12 harpies
  A necromancer (D:15)
  A deep elf zephyrmancer (D:15)
  3 orc sorcerers
  A harpy (shapeshifter) (D:12)
  7 ugly things
  3 wolf spiders
  6 fauns
  3 manticores
  4 merfolk sirens
  2 cyclopes
  A moth of wrath (Spider:1)
  2 molten gargoyles (Volcano)
  3 black mambas
  6 water nymphs
  11 cane toads
  2 unseen horrors
  A naga mage (D:15)
  5 rime drakes
  2 torpor snails
  A kobold demonologist (D:10)
  8 komodo dragons
  A demonic crawler (Lair:2)
  A tengu conjurer (D:13)
  3 yaktaurs
  An efreet (D:13)
  3 meliai (D:15)
  6 trolls
  A queen bee (D:15)
  2 wind drakes (Shoals:4)
  8 merfolk
  A hornet (D:14)
  A meliai (shapeshifter) (D:15)
  8 polar bears
  A wolf spider simulacrum (D:15)
  5 tarantellas
  2 raiju (Lair:5)
  A dream sheep (Lair:5)
  12 blink frogs
  3 nameless horrors
  14 slime creatures
  2 snapping turtles
  4 water elementals
  6 jumping spiders
  Sigmund (D:5)
  A centaur simulacrum (D:15)
  5 culicivoras
  3 shadows
  2 air elementals (Shoals:4)
  38 yaks
  A wraith (D:12)
  2 fire bats (Volcano)
  Grum (D:8)
  7 wyverns
  A basilisk (Lair:3)
  A steam dragon (Lair:3)
  3 vampire mosquitoes (D:15)
  17 redbacks
  Edmund (D:6)
  6 wargs
  3 acid dragons
  15 hell hounds (Lair:5)
  9 water moccasins
  17 orc warriors
  4 ice beasts
  A sky beast (D:7)
  12 black bears
  10 ogres
  24 wolves
  10 centaurs
  5 kobold brigands
  9 bullfrogs
  A necrophage (D:8)
  4 wights (D:8)
  18 killer bees
  2 howler monkeys
  2 electric eels (Lair:3)
  7 lava snakes (Volcano)
  A crimson imp (D:7)
  2 hounds
  8 jellies
  29 orc priests
  2 gnoll boudas
  2 iguanas
  29 orc wizards
  A boggart zombie (D:15)
  10 gnolls
  4 adders (D:4)
  2 white imps (D:6)
  An ufetubus (D:4)
  3 worms
  2 dart slugs (D:5)
  61 orcs
  27 endoplasms
  5 giant cockroaches
  6 goblins
  8 hobgoblins
  8 jackals
  31 kobolds
  4 quokkas
  6 ball pythons
  2 bats
  4 frilled lizards
  7 rats
752 creatures vanquished.

Vanquished Creatures (collateral kills)
  Nikola (Shoals:2)
  A storm dragon (Shoals:4)
  3 merfolk impalers
  2 merfolk javelineers (Shoals:4)
  An ice dragon (Shoals:1)
  2 alligator snapping turtles (Shoals:2)
  2 merfolk avatars
  2 satyrs (Shoals:3)
  6 merfolk aquamancers
  5 sea snakes
  6 harpies
  14 fauns
  6 manticores
  8 merfolk sirens
  A centaur zombie (D:15)
  2 water nymphs
  A demonic crawler (Spider:1)
  A centaur skeleton (D:15)
  17 merfolk
  13 wind drakes
  2 polar bears (Lair:5)
  5 snapping turtles
  2 air elementals (Shoals:4)
  16 water elementals
  A black bear (Lair:5)
  A wolf (Lair:5)
121 creatures vanquished.

Vanquished Creatures (others)
  A merfolk aquamancer (Shoals:4)
  A nameless horror (Shoals:4)
  A merfolk (Shoals:4)
  A bush (Lair:5)
  71 fulminant prisms
  24 fungi
  207 plants
306 creatures vanquished.

Grand Total: 1179 creatures vanquished

Notes
Turn   | Place    | Note
-------+----------+-------------------------------------------
     0 | D:1      | wingedge the Human Earth Elementalist began the quest for
                  | the Orb.
     0 | D:1      | Reached XP level 1. HP: 13/13 MP: 3/3
    63 | D:1      | Reached skill level 1 in Fighting
   133 | D:1      | Reached XP level 2. HP: 21/21 MP: 1/5
   329 | D:1      | Reached XP level 3. HP: 27/27 MP: 4/6
   359 | D:1      | Learned a level 3 spell: Stone Arrow
  1065 | D:2      | Identified the +1 leather armour of Feder {rC++ Str+6}
  1679 | D:3      | Reached skill level 3 in Spellcasting
  1708 | D:3      | Reached XP level 4. HP: 32/33 MP: 1/8
  1821 | D:3      | Reached skill level 1 in Conjurations
  2196 | D:3      | Reached XP level 5. HP: 29/38 MP: 2/9
  2607 | D:3      | Found a glowing golden altar of the Shining One.
  2687 | D:3      | Found a faded altar of an unknown god.
  2763 | D:3      | Found a bloodstained altar of Trog.
  2846 | D:3      | Found an ancient bone altar of Kikubaaqudgha.
  2945 | D:3      | Found a radiant altar of Vehumet.
  2954 | D:3      | Became a worshipper of Vehumet
  3655 | D:4      | Reached XP level 6. HP: 44/44 MP: 8/11
  3748 | D:4      | Reached skill level 4 in Spellcasting
  4017 | D:4      | Found a white marble altar of Elyvilon.
  4238 | D:5      | Entered Level 5 of the Dungeon
  4273 | D:5      | Noticed an ogre
  4599 | D:5      | Killed an ogre
  4600 | D:5      | Reached skill level 5 in Spellcasting
  4652 | D:5      | Reached XP level 7. HP: 19/51 MP: 0/14
  4989 | D:5      | Noticed an acid dragon
  4992 | D:5      | Noticed Sigmund
  4995 | D:5      | Killed an acid dragon
  5011 | D:5      | Killed Sigmund
  5012 | D:5      | Reached XP level 8. HP: 50/60 MP: 5/15
  5121 | D:5      | Found a hide-covered altar of Uskayaw.
  5407 | D:5      | Found a snail-covered altar of Cheibriados.
  5508 | D:6      | Found Moxihoud's Weapon Shop.
  5511 | D:6      | Reached * piety under Vehumet
  5511 | D:6      | Offered knowledge of Shock by Vehumet.
  5656 | D:6      | Noticed Edmund
  5662 | D:6      | Killed Edmund
  5664 | D:6      | Reached skill level 6 in Spellcasting
  5911 | D:6      | Reached skill level 7 in Spellcasting
  6009 | D:6      | Found an opulent altar of Gozag.
  6011 | D:6      | Identified the +6 arbalest of Turmoil {freeze, Str+5}
  6209 | D:6      | Reached XP level 9. HP: 67/67 MP: 12/19
  6302 | D:6      | Reached skill level 5 in Fighting
  6916 | D:7      | Reached skill level 8 in Spellcasting
  7203 | D:7      | Identified the ring of Biulatt {Wiz rF+}
  7514 | D:7      | Found Qielull's Magic Scroll Shop.
  7525 | D:7      | Bought a scroll of blinking for 97 gold pieces
  7525 | D:7      | Bought a scroll of identify for 26 gold pieces
  7525 | D:7      | Bought a scroll of magic mapping for 97 gold pieces
  7575 | D:7      | Found a burning altar of Makhleb.
  7638 | D:7      | Found a staircase to the Ecumenical Temple.
  7647 | Temple   | Entered the Ecumenical Temple
  7798 | D:7      | Learned a level 4 spell: Fulminant Prism
  7849 | D:8      | Reached skill level 1 in Hexes
  8078 | D:8      | Reached skill level 5 in Dodging
  8225 | D:8      | Noticed a komodo dragon
  8233 | D:8      | Killed a komodo dragon
  8234 | D:8      | Reached XP level 10. HP: 50/77 MP: 7/22
  8352 | D:8      | Found a staircase to the Lair.
  8405 | D:8      | Noticed Grum
  8414 | D:8      | Killed Grum
  8414 | D:8      | Offered knowledge of Freeze by Vehumet.
  8422 | D:8      | Reached ** piety under Vehumet
  8449 | D:7      | Reached skill level 1 in Shields
  8629 | D:8      | Noticed a two-headed ogre
  8634 | D:8      | Killed a two-headed ogre
  8752 | D:8      | Learned a level 2 spell: Passwall
  8765 | D:8      | Identified the +8 spear "Iqomer" {vorpal, Dex+5}
  9021 | D:8      | Reached skill level 1 in Polearms
  9443 | D:8      | Found a stormy altar of Qazlal.
  9820 | D:9      | You fall into a shaft and drop 3 floors!
  9874 | D:12     | Noticed a boulder beetle
  9877 | D:12     | Noticed an elephant
  9885 | D:12     | Noticed a glowing shapeshifter
  9885 | D:12     | a boulder beetle changed into a glowing shapeshifter
  9886 | D:12     | a glowing shapeshifter changed into a redback
  9887 | D:12     | Noticed a sea snake
  9887 | D:12     | a redback changed into a sea snake
  9895 | D:12     | Killed a sea snake
  9896 | D:12     | Reached skill level 5 in Shields
  9899 | D:12     | Noticed a komodo dragon
  9905 | D:12     | Noticed a harpy
  9905 | D:12     | a komodo dragon changed into a harpy
  9909 | D:12     | Killed a harpy
 10099 | D:12     | Noticed a boulder beetle
 10119 | D:12     | Killed a boulder beetle
 10120 | D:12     | Reached XP level 11. HP: 86/86 MP: 1/23
 10334 | D:12     | Found Sovemiesk's Jewellery Shop.
 10464 | D:12     | Found Fogen's General Store.
 10518 | D:12     | Noticed a seven-headed hydra
 10529 | D:12     | Killed a seven-headed hydra
 10530 | D:12     | Reached skill level 9 in Spellcasting
 10817 | D:11     | Noticed a boulder beetle
 10847 | D:11     | Killed a boulder beetle
 10848 | D:11     | Reached skill level 10 in Spellcasting
 10981 | D:10     | Entered Level 10 of the Dungeon
 11194 | D:10     | Offered knowledge of Inner Flame by Vehumet.
 11742 | D:9      | Reached *** piety under Vehumet
 12254 | D:9      | Offered knowledge of Conjure Flame by Vehumet.
 12263 | D:9      | Found a shadowy altar of Dithmenos.
 12493 | D:9      | Found Uggur's Book Shop.
 12798 | D:10     | Learned a level 6 spell: Iron Shot
 13047 | D:10     | Found a staircase to the Orcish Mines.
 13393 | D:12     | Bought the ring "Xurruw" {rElec MP-9 Int+4 Dex+7 SInv} for
                  | 498 gold pieces
 13471 | D:12     | Reached XP level 12. HP: 96/96 MP: 4/26
 13609 | D:12     | Found Ziluenni's General Store.
 14043 | D:10     | Found a glowing silver altar of Zin.
 14043 | D:10     | Noticed an angel
 14123 | D:10     | Reached **** piety under Vehumet
 14506 | D:11     | Identified a scroll of acquirement
 14588 | D:11     | Acquired the +8 demon trident "Qipoawuude" {flame, Str+2
                  | Stlth+}
 14729 | D:11     | Found a portal to a secret trove of treasure.
 14761 | D:11     | Noticed a boulder beetle
 14770 | D:11     | Killed a boulder beetle
 14771 | D:11     | Reached skill level 5 in Earth Magic
 14840 | D:11     | Reached skill level 10 in Fighting
 15112 | D:11     | Reached skill level 5 in Polearms
 15658 | Lair:1   | Entered Level 1 of the Lair of Beasts
 15981 | Lair:1   | Identified the ring "Odegel" {Str+2 SInv}
 16232 | Lair:1   | Offered knowledge of Lee's Rapid Deconstruction by Vehumet.
 16239 | Lair:1   | Learned a level 5 spell: Lee's Rapid Deconstruction
 17277 | Lair:2   | Found a hole to the Spider Nest.
 17691 | Lair:2   | Reached skill level 1 in Armour
 17947 | Lair:2   | Reached skill level 5 in Conjurations
 17947 | Lair:2   | Reached XP level 13. HP: 103/103 MP: 9/27
 18135 | Lair:2   | Identified the +10 hand axe of Reinforcement {protect,
                  | Will++ SInv}
 18241 | Lair:2   | Noticed a four-headed hydra
 18251 | Lair:2   | Killed a four-headed hydra
 18517 | Lair:2   | Found a staircase to the Shoals.
 19630 | Lair:3   | Found the +4 skin of Zhor {*Englaciate rC+++ SInv}
 19636 | Lair:3   | Reached skill level 11 in Spellcasting
 20046 | Lair:3   | Reached ***** piety under Vehumet
 20151 | Lair:3   | Offered knowledge of Conjure Ball Lightning by Vehumet.
 20155 | Lair:3   | Noticed Nessos
 20163 | Lair:3   | Killed Nessos
 20795 | Lair:4   | Reached skill level 1 in Summonings
 21257 | D:12     | Bought an amulet of magic regeneration for 450 gold pieces
 21656 | D:12     | Reached skill level 12 in Spellcasting
 22125 | Lair:4   | Noticed a six-headed hydra
 22132 | Lair:4   | Killed a six-headed hydra
 22316 | Lair:4   | Found a viscous altar of Jiyva.
 22317 | Lair:4   | Found a staircase to the Slime Pits.
 22603 | Lair:5   | Entered Level 5 of the Lair of Beasts
 22697 | Lair:5   | Noticed a six-headed hydra
 22698 | Lair:5   | Reached XP level 14. HP: 111/111 MP: 13/30
 22737 | Lair:5   | Reached skill level 5 in Armour
 23884 | Lair:5   | Offered knowledge of Hailstorm by Vehumet.
 23957 | Lair:5   | Learned a level 7 spell: Orb of Destruction
 24663 | Lair:5   | Noticed a dire elephant
 24701 | Lair:5   | Killed a dire elephant
 25163 | Orc:1    | Entered Level 1 of the Orcish Mines
 25392 | Orc:1    | Found a runed translucent gate.
 25392 | Orc:1    | Found a runed translucent gate.
 25392 | Orc:1    | Found a runed translucent gate.
 25422 | Orc:1    | Noticed Girueck's ghost (journeyman DEFE)
 25434 | Orc:1    | Killed Girueck's ghost
 25618 | Orc:2    | Entered Level 2 of the Orcish Mines
 25662 | Orc:2    | Found a staircase to the Elven Halls.
 25693 | Orc:1    | Found a dark tunnel.
 25699 | Volcano  | Entered a volcano
 25916 | Volcano  | Found a radiant altar of Vehumet.
 25919 | Volcano  | Noticed a red draconian
 25934 | Volcano  | Killed a red draconian
 26769 | Orc:2    | Offered knowledge of Ozocubu's Refrigeration by Vehumet.
 27655 | Orc:2    | Reached XP level 15. HP: 119/119 MP: 13/31
 28169 | Orc:2    | Found Docrumn's Magic Scroll Shop.
 28169 | Orc:2    | Found Yhamequp's Weapon Shop.
 28170 | Orc:2    | Found Puydimill's Armour Boutique.
 28174 | Orc:2    | Found Wefabak's Book Boutique.
 28179 | Orc:2    | Bought a +2 pair of boots of flying for 215 gold pieces
 28179 | Orc:2    | Bought the +0 mask of the Dragon {Will+ Slay+3 SInv} for
                  | 334 gold pieces
 28179 | Orc:2    | Found the +0 mask of the Dragon {Will+ Slay+3 SInv}
 28389 | D:13     | Noticed Jorgrun
 28395 | D:13     | Killed Jorgrun
 28768 | D:13     | Offered knowledge of Lightning Bolt by Vehumet.
 28943 | D:13     | Learned a level 5 spell: Lightning Bolt
 29255 | D:13     | Reached skill level 5 in Summonings
 29833 | D:13     | Reached skill level 13 in Spellcasting
 30501 | D:14     | Learned a level 7 spell: Spellforged Servitor
 30969 | D:14     | Found a gate to the Vaults.
 31473 | D:15     | Entered Level 15 of the Dungeon
 31829 | D:15     | Reached XP level 16. HP: 94/127 MP: 11/33
 31839 | D:15     | Noticed Louise
 32082 | D:15     | Killed Louise
 32083 | D:15     | Reached skill level 10 in Conjurations
 32391 | D:15     | Found a sacrificial altar of Ru.
 33442 | D:15     | Found a staircase to the Depths.
 33954 | Shoals:1 | Entered Level 1 of the Shoals
 34116 | Shoals:1 | Reached skill level 14 in Spellcasting
 34163 | Shoals:1 | Offered knowledge of Starburst by Vehumet.
 34272 | Shoals:1 | Found Getricir's General Store.
 34291 | Shoals:1 | Bought a potion of haste for 120 gold pieces
 34386 | Shoals:1 | Found Bisaoqups's Antique Armour Shoppe.
 34651 | Shoals:1 | Found Xemaf's Armour Emporium.
 34757 | Shoals:1 | Found Tovah's General Store.
 35289 | Shoals:2 | HP: 1/127 [something (11)]
 36009 | Shoals:2 | Noticed Mlioglotl
 36014 | Shoals:2 | Noticed a tentacled starspawn
 36016 | Shoals:2 | Killed Mlioglotl
 36484 | Shoals:2 | Reached XP level 17. HP: 125/133 MP: 5/35
 36588 | Shoals:2 | Noticed Nikola
 36596 | Shoals:2 | Killed Nikola
 36831 | Shoals:2 | Reached skill level 5 in Transmutations
 37126 | Shoals:3 | Offered knowledge of Eringya's Noxious Bog by Vehumet.
 37360 | Shoals:3 | Found Jiareq's Weapon Shop.
 37918 | Shoals:3 | Reached skill level 15 in Spellcasting
 37962 | Shoals:3 | Reached XP level 18. HP: 140/140 MP: 28/37
 37970 | Shoals:3 | Learned a level 6 spell: Statue Form
 38090 | Shoals:4 | Entered Level 4 of the Shoals
 38137 | Shoals:4 | Paralysed by an air elemental for 1 turns
 38218 | Shoals:4 | Reached skill level 1 in Fire Magic
 38711 | Shoals:3 | Learned a level 2 spell: Sublimation of Blood
 38765 | Shoals:4 | Got a barnacled rune of Zot
 38929 | Shoals:4 | Reached skill level 1 in Necromancy
 39047 | Shoals:4 | Offered knowledge of Lehudib's Crystal Spear by Vehumet.
 40419 | Shoals:4 | Reached XP level 19. HP: 148/148 MP: 4/38
 40928 | Shoals:1 | Bought a +1 leather armour of poison resistance for 187
                  | gold pieces
 41018 | Spider:1 | Entered Level 1 of the Spider Nest
 41183 | Lair:2   | Learned a level 5 spell: Irradiate
 41423 | Spider:1 | Noticed Donald
 41511 | Spider:1 | Reached ****** piety under Vehumet
 41920 | Spider:1 | Mangled by Donald

Illustrated notes

Levels and vault maps discovered:
D:1:      nicolae_arrival_washed_ashore, layout_basic, minmay_tripent
D:2:      layout_loops_ring, kennysheep_nub
D:3:      layout_loops_corners, vehumet_crystals, tso_oasis_becter,
          mainiacjoe_overflow_big_doors, basic_ecumenical_altar,
          ebering_dispersal_statue_hall, grunt_ministairs_6
D:4:      layout_cave_pods, lemuel_round_altar, grunt_ministairs_8
D:5:      layout_cave_pools, mainiacjoe_overflow_alcove_4,
          kennysheep_slug_shrine, uniq_sigmund
D:6:      layout_gridville, mainiacjoe_overflow_six_doors_small, serial_shops,
          nicolae_shop_bloodbath_and_beyond, uniq_edmund
D:7:      layout_rooms, makhleb_grotto_becter, minmay_temple_entry_poolview,
          serial_shops, shop
D:8:      layout_layer_cave, nicolae_qazlal_eye_of_the_storm,
          david_lair_shrubbed, nicolae_kite_square_tiling_tiny, minivault_21,
          uniq_grum
D:9:      layout_loops_corners, mainiacjoe_overflow_chevrons, serial_shops,
          kennysheep_mini, serial_glass, glass_columns_b, glass_columns_a,
          minmay_strange_pillars, feat_on_display
D:10:     layout_loops_ring, zin_angel, david_orc_3
D:11:     layout_irregular_city, serial_co_window_serial,
          co_window_of_opportunity_a, co_window_corner_a,
          co_window_of_opportunity_a, co_window_paths_a, co_window_paths_b,
          co_window_unsneaky_path_c, co_window_broadway_a,
          co_window_unsneaky_path_c, co_window_broadway_a, co_window_sun,
          co_window_paths_e, glass_columns_b, glass_columns_a, glass_columns_b,
          enter_trove_1
D:12:     layout_loops_corners, serial_shops, shop, nicolae_shop_crystal,
          nicolae_shop_stone
D:13:     layout_roguey, uniq_jorgrun
D:14:     layout_stronghold, erik_vaults_2, kb_rosetta
D:15:     grunt_enter_depths_magical_seal, layout_long_grid,
          nicolae_ru_the_path_less_chosen, minivault_7, uniq_louise
Temple:   hellmonk_temple_beads
Lair:1:   layout_gridlike, infiniplex_staircase_pool_2, lemuel_fruit_fields,
          lemuel_fruit_tree
Lair:2:   layout_chaotic_city, minmay_shoals_entry_lonely_mermaid,
          dummy_spider_entry
Lair:3:   layout_cave_pods, hellmonk_guarded_unrand_zhor, serial_bayou_shore_a,
          grunt_megastairs_2, uniq_nessos
Lair:4:   lemuel_slime, layout_regular_city, slime_entry_1, grunt_megastairs_1
Lair:5:   hangedman_lair_caniforms_friends, layout_cave_pods, serial_forest,
          infiniplex_forest_lined_4_way, infiniplex_forest_straight_3,
          infiniplex_forest_pool, infiniplex_forest_clump_diagonal,
          infiniplex_forest_clump_curved, infiniplex_forest_lined_ring,
          infiniplex_forest_lined_corner
Shoals:1: argonaut_golden_fleece, layout_shoals, serial_shops, shop,
          nicolae_lakefront_shop, nicolae_shop_statue_plus,
          nicolae_shop_advertising_works [nicolae_subvault_shop_adworks]
Shoals:2: layout_shoals, uniq_mlioglotl, uniq_nikola
Shoals:3: layout_shoals, serial_shops, nicolae_shop_waterfront
Shoals:4: shoals_end_hellmonk_storm_palace [storm_palace_center_circular,
          storm_palace_corner_grid, storm_palace_corner_blocked,
          storm_palace_corner_grid, storm_palace_corner_grid], serial_shops
Spider:1: layout_spider_delve, uniq_donald
Orc:1:    layout_caves, basic_altar, enter_volcano_2, ebering_ghost_rock_garden
Orc:2:    st_orc_mages, layout_diamond_mine

Skill      XL: |  1  2  3  4  5  6  7  8  9 10 11 12 13 14 15 16 17 18 19 |
---------------+----------------------------------------------------------+-----
Fighting       | 1 2 4 6 8 9 10 11 12 | 12.8
Spellcasting   | 3 5 7 8 10 12 13 14 15 | 15.0
Conjurations   | 2 3 4 5 8 9 10 11 | 11.0
Earth Magic    | 4 5 7 |  7.6
Dodging        | 3 5 7 8 9 |  9.3
Hexes          | 3 4 |  4.0
Shields        | 5 6 7 8 9 |  9.2
Polearms       | 4 7 8 |  8.0
Armour         | 1 4 6 |  6.0
Summonings     | 2 4 6 9 |  9.0
Transmutations | 4 8 9 |  9.0
Fire Magic     | 3 4 |  4.3
Necromancy     | 3 4 |  4.0
Stealth        | |  2.0

Action                   |  1- 3 |  4- 6 |  7- 9 | 10-12 | 13-15 | 16-18 | 19-21 || total
-------------------------+-------+-------+-------+-------+-------+-------+-------++-------
Melee: Unarmed           |     4 |       |       |       |       |       |       ||     4
       Spear             |     1 |     1 |       |    98 |       |       |       ||   100
       Short sword       |       |     2 |    56 |       |       |       |       ||    58
       Flail             |       |       |     2 |       |       |       |       ||     2
       Punch             |       |       |     1 |       |       |       |       ||     1
       Whip              |       |       |     9 |    14 |       |       |       ||    23
       Demon trident     |       |       |       |    75 |   381 |   154 |    26 ||   636
       Hand axe          |       |       |       |       |     3 |     2 |       ||     5
       Staff             |       |       |       |       |       |       |     2 ||     2
Throw: Dart              |       |       |       |     3 |       |       |       ||     3
 Cast: Sandblast         |    51 |    83 |       |       |       |       |       ||   134
       Stone Arrow       |       |     4 |    88 |   199 |   113 |     5 |       ||   409
       Fulminant Prism   |       |       |     1 |    29 |    36 |     1 |     4 ||    71
       Passwall          |       |       |       |     3 |       |       |       ||     3
       Iron Shot         |       |       |       |    22 |   254 |    91 |    10 ||   377
       Lee's Rapid Decon |       |       |       |       |    55 |    73 |    14 ||   142
       Lightning Bolt    |       |       |       |       |     3 |     2 |       ||     5
       Orb of Destructio |       |       |       |       |     2 |    33 |     4 ||    39
       Spellforged Servi |       |       |       |       |       |    52 |     7 ||    59
       Sublimation of Bl |       |       |       |       |       |    58 |     3 ||    61
       Statue Form       |       |       |       |       |       |     1 |     3 ||     4
       Irradiate         |       |       |       |       |       |       |    12 ||    12
 Abil: End Transformatio |       |       |       |       |       |     1 |     1 ||     2
Evoke: Wand              |       |       |       |     6 |     3 |     1 |       ||    10
       Box of beasts     |       |       |       |       |     1 |       |       ||     1
  Use: Potion            |     1 |       |     5 |     3 |     8 |     3 |     6 ||    26
       Scroll            |       |       |    12 |    11 |    12 |    16 |     3 ||    54
 Stab: Distracted        |       |       |       |     1 |     1 |     3 |     2 ||     7
Armor: Robe              |     6 |       |    41 |    32 |     7 |       |       ||    86
       Leather armour    |     2 |    20 |       |       |       |       |    33 ||    55
       Animal skin       |       |       |       |       |    99 |    39 |       ||   138
       Skin              |       |       |       |       |       |       |    18 ||    18
Dodge: Dodged            |    12 |    19 |    75 |   149 |   314 |   114 |   148 ||   831
       Repelled          |       |       |       |     1 |     6 |     9 |       ||    16
Block: Other             |     1 |     8 |     6 |       |       |       |       ||    15
       Reflection        |       |     2 |     1 |       |       |       |       ||     3
       Buckler           |       |       |     4 |    73 |   118 |       |       ||   195
       Kite shield       |       |       |       |       |    80 |   144 |   153 ||   377
